 Dungeon Crawl Stone Soup version 0.19-a0-53-ge6e6435 (webtiles) character file.

291464 nubinia the Sorcerer (level 20, 0/114 HPs)
             Began as a Deep Elf Earth Elementalist on May 5, 2016.
             Was an Initiate of Sif Muna.
             Splashed by a deep elf sorcerer's acid (15 damage)
             ... on level 3 of the Elven Halls on May 7, 2016.
             The game lasted 07:07:27 (47391 turns).

nubinia the Sorcerer (Deep Elf Earth Elementalist) Turns: 47391, Time: 07:07:28

Health: 0/114      AC: 27    Str:  7    XL:     20   Next: 30%
Magic:  38/57      EV: 25    Int: 27    God:    Sif Muna [......]
Gold:   239        SH: 11    Dex: 31    Spells: 19 memorised, 5 levels left

rFire  + . .     SeeInvis .     p - +3 short sword (protect)
rCold  . . .     Gourm    .     n - +1 steam dragon armour of Love and Death {Dex+4 Slay+2 Stlth+}
rNeg   . . .     Faith    +     E - +3 buckler {AC+3}
rPois  +         Spirit   .     k - +2 hat
rElec  .         Dismiss  .     C - +0 cloak {rPois}
rCorr  .         Reflect  .     y - +2 pair of gloves {Dex+3}
SustAt .         Harm     .     w - +2 pair of boots of the Assassin {DetectMon Stab+ Stlth++}
MR     ++...     Clarity  +     X - amulet "Yrouc" {Faith *Drain +Blink rF+}
Stlth  +++++++++. Rnd*Tele +    u - +3 ring of protection
                                f - ring of magical power

@: repel missiles, very resistant to hostile enchantments, incredibly stealthy
A: horns 2, molten scales 1, agile 2, blurry vision 1, clarity, clever 1, poison
resistance, robust 1, strong 1, teleportitis 1
a: Renounce Religion, Evoke Blink
}: 1/15 runes: gossamer


You were on level 3 of the Elven Halls.
You worshipped Sif Muna.
Sif Muna was noncommittal.
You were not hungry.

You visited 7 branches of the dungeon, and saw 35 of its levels.
You visited 1 bazaar.
You also visited: Labyrinth, Trove, Ice Cave and Volcano.

You collected 3205 gold pieces.
You spent 2966 gold pieces at shops.

Inventory:

Hand Weapons
 a - a +5 rapier of flaming
 p - a +3 short sword of protection (weapon)
 I - the +1 double sword of Noon {elec, rF+ rC+ Str-3}
   (You found it in a labyrinth)

   Occasionally, upon striking a foe, it will discharge some electrical energy
   and cause terrible harm.
   It affects your strength (-3).
   It protects you from fire.
   It protects you from cold.
Missiles
 v - 8 curare-tipped needles
Armour
 c - a +3 leather armour of fire resistance
 k - a +2 hat (worn)
 n - the +1 steam dragon armour of Love and Death (worn) {Dex+4 Slay+2 Stlth+}
   (You bought it in a shop on level 2 of the Orcish Mines)

   It affects your dexterity (+4).
   It affects your accuracy and damage with ranged weapons and melee attacks
   (+2).
   It makes you more stealthy.
 w - the +2 pair of boots of the Assassin (worn) {DetectMon Stab+ Stlth++}
   (You acquired it on level 13 of the Dungeon)

   It makes you much more stealthy.
 y - a +2 pair of gloves of dexterity (worn)
 C - a +0 cloak of poison resistance (worn)
 E - a +3 buckler of protection (worn)
Rods
 Z - a +9 lightning rod (17/17)
   (You found it on level 1 of the Vaults)
Jewellery
 f - a ring of magical power (left hand)
 l - an uncursed ring of positive energy
 q - a +2 amulet of reflection
 u - a +3 ring of protection (right hand)
 G - the ring "Geajeh" {+Fly Int+6 SInv}
   (You found it on level 5 of the Dungeon)

   [ring of see invisible]

   It affects your intelligence (+6).
   It lets you see invisible.
   It lets you fly.
 V - an uncursed ring of protection from cold
 X - the amulet "Yrouc" (around neck) {Faith *Drain +Blink rF+}
   (You found it in a labyrinth)

   [amulet of faith]

   It allows you to gain divine favour quickly.
   It protects you from fire.
   It lets you blink.
   It causes draining when unequipped.
Wands
 b - a wand of iceblast (9/15)
 x - a wand of hasting (3/9)
 D - a wand of heal wounds (7/9)
 F - a wand of lightning (5/15)
 J - a wand of digging (2/24)
 K - a wand of teleportation (6/9)
 S - a wand of iceblast (6/15)
Scrolls
 e - 5 scrolls of blinking
 h - 2 scrolls of teleportation
 L - 4 scrolls of fear
 N - 3 scrolls of fog
 O - 3 scrolls of identify
 Q - a scroll of magic mapping
 R - 4 scrolls of recharging
 T - 10 scrolls of remove curse
 W - 4 scrolls of summoning
Potions
 g - 15 potions of curing
 j - 6 potions of heal wounds
 m - 5 potions of haste
 r - 5 potions of might
 s - 4 potions of agility
 t - 3 potions of invisibility
 A - 5 potions of resistance
 B - a potion of flight
 M - a potion of magic
 U - 2 potions of cancellation
 Y - 3 potions of brilliance
Books
 o - Utsidot's Papyrus of Ashen Combat Magic
   (Sif Muna gifted it to you on level 1 of the Vaults)

   Spells                             Type                      Level
   a - Conjure Flame                  Conjuration/Fire             3
   b - Force Lance                    Conjuration/Translocation    4
   c - Statue Form                    Transmutation/Earth          6
 z - Sif Muna's Guide on Shape Shifting and the Traveller
   (Sif Muna gifted it to you on level 3 of the Shoals)

   Spells                             Type                      Level
   a - Ignite Poison                  Fire/Transmutation/Poison    3
   b - Portal Projectile              Translocation                3
   c - Blade Hands                    Transmutation                5
   d - Disjunction                    Translocation                8
 H - a book of Enchantments

   Spells                             Type                      Level
   a - Cause Fear                     Hexes                        4
   b - Yara's Violent Unravelling     Hexes/Transmutation          5
   c - Silence                        Hexes/Air                    5
   d - Deflect Missiles               Charms/Air                   6
   e - Haste                          Charms                       6
   f - Discord                        Hexes                        8
Miscellaneous
 P - a lamp of fire
Comestibles
 d - 14 bread rations


   Skills:
 + Level 4.9 Fighting
 + Level 6.5 Short Blades
 + Level 1.0 Throwing
 + Level 2.3 Armour
 + Level 10.0 Dodging
 + Level 12.2 Stealth
 + Level 6.0 Shields
 + Level 22.5 Spellcasting
 + Level 15.7 Conjurations
 + Level 4.8 Hexes
 + Level 3.6 Charms
 + Level 9.5 Necromancy
 + Level 8.5 Translocations
 + Level 6.8 Transmutations
 + Level 6.7 Fire Magic
 + Level 4.9 Air Magic
 + Level 14.5 Earth Magic
 - Level 2.0 Poison Magic
 - Level 7.0 Invocations
 + Level 4.5 Evocations


You had 5 spell levels left.
You knew the following spells:

 Your Spells              Type           Power        Failure   Level  Hunger
a - Throw Flame           Conj/Fire      ######       1%          2    None
b - Stone Arrow           Conj/Erth      ######       0%          3    None
c - Mephitic Cloud        Conj/Pois/Air  ######..     1%          3    None
d - Magic Dart            Conj           ####         0%          1    None
e - Passwall              Trmt/Erth      ######....   1%          2    None
f - Force Lance           Conj/Tloc      #######.     1%          4    None
g - Conjure Flame         Conj/Fire      ######..     1%          3    None
h - Statue Form           Trmt/Erth      ######...    2%          6    None
i - Blink                 Tloc           N/A          1%          2    None
j - Leda's Liquefaction   Hex/Erth       ######....   1%          4    None
k - Fireball              Conj/Fire      ######....   1%          5    None
l - Lee's Rapid Deconstr  Erth           #######...   1%          5    None
m - Sticky Flame          Conj/Fire      ######..     1%          4    None
n - Dazzling Spray        Conj/Hex       ######       1%          3    None
p - Apportation           Tloc           ######....   1%          1    None
r - Repel Missiles        Chrm/Air       ######       1%          2    None
D - Bolt of Draining      Conj/Necr      #######...   1%          5    None
R - Regeneration          Chrm/Necr      ######....   1%          3    None
S - Animate Skeleton      Necr           N/A          1%          1    None


Dungeon Overview and Level Annotations

Branches:
Dungeon (13/15)            Temple (0/1) D:5            Lair (8/8) D:11
 Shoals (4/4) Lair:4       Spider (4/4) Lair:6        Slime (0/6) Lair:7
    Orc (2/2) D:9             Elf (3/3) Orc:2        Vaults (1/5) D:13

Altars:
Ashenzari
Cheibriados
Fedhas
Gozag
Nemelex Xobeh
Okawaru
Sif Muna
Xom
Yredelemnul
Zin
Beogh
Jiyva

Shops:
D:11 (   Orc:1 :   Orc:2 *[!:   Shoals:2 ?

Portals:
Pandemonium: Orc:2
Bazaar: Vaults:1

Annotations:
Lair:2 exclusion: 2 oklob plants
Spider:2 simok's ghost, adept SpEn


Innate Abilities, Weirdness & Mutations

You have a pair of horns on your head.
You are partially covered in molten scales (AC +1).
You are very agile. (Dex +4)
Scrolls take you a little longer to read.
You possess an exceptional clarity of mind.
Your mind is acute. (Int +2)
Your system is resistant to poisons.
You are robust (+10% HP).
Your muscles are strong. (Str +2)
You are occasionally teleported next to monsters.


Message History

The deep elf annihilator is drained!
The deep elf annihilator is almost dead.
The bolt of negative energy hits the deep elf death mage.
The deep elf death mage is drained!
You kill the deep elf death mage!
The deep elf annihilator completely misses you.
Casting: Bolt of Draining
Confirm with . or Enter, or press ? or * to list all spells.
Aiming: Bolt of Draining
Press: ? - help, Shift-Dir - straight line, f - deep elf annihilator
Aim: a deep elf annihilator, wielding a short sword (almost dead, lightly drained)
The bolt of negative energy hits the deep elf annihilator.
The deep elf annihilator is drained!
You kill the deep elf annihilator!
A deep elf death mage comes into view. It is wielding a short sword.
The deep elf sorcerer gestures at you while chanting.
The bolt of acid hits you!
* * * LOW HITPOINT WARNING * * *
The acid burns!
You die...

#...#####+#####.. {
#...#.........#..
#...#.........#.. {
#...#.........#<.
#...#.........#..
#...#.........#..
..#######...#.........#..
...ee...#...#.........#..
....###.@...#.........#..
......).#...+.........+..
.#######...#.........#..
{ #...#.........#..
#...#.........#..
#...#.........#..
#...#......<..#..
#...+.........+..
#.........#..


You could see a deep elf death mage and a deep elf sorcerer.

Vanquished Creatures
  Mara (Spider:3)
  Norris (Spider:2)
  Jorgrun (Spider:4)
  A kraken (Shoals:3)
  Frances (Shoals:2)
  Agnes (Spider:3)
  The ghost of Sl000nik the Peltast, an adept DDFi of Okawaru (Elf:3)
  Kirke (Lair:6)
  The ghost of Cofein the Impaler, an adept MfGl of Nemelex Xobeh (Elf:2)
  Maud (Lair:8)
  Donald (Shoals:1)
  Louise (Spider:1)
  A frost giant (IceCv)
  Aizul (Spider:1)
  2 deep elf sorcerers
  3 ghost moths (Spider:4)
  A deep elf elementalist (Elf:1)
  2 vault wardens (Vaults:1)
  An ironheart preserver (Vaults:1)
  6 emperor scorpions
  A spark wasp (Spider:4)
  4 deep elf demonologists
  Azrael (Spider:1)
  A deep elf annihilator (Elf:3)
  A deep elf death mage (Elf:3)
  A merfolk impaler (Shoals:3)
  An ettin (Orc:1)
  4 merfolk javelineers
  Josephine (Orc:1)
  An ogre mage (Vaults:1)
  A minotaur (Lab)
  A deep elf high priest (Elf:1)
  A vault guard (Vaults:1)
  Fannar (D:11)
  7 hydras
  A yaktaur captain (Vaults:1)
  2 merfolk avatars
  A catoblepas (Lair:8)
  4 centaur warriors
  3 entropy weavers
  28 dancing weapons
  The ghost of kae the Basher, a novice MiFi of Qazlal (D:8)
  A queen ant (Lair:5)
  A deep troll shaman (Lair:8)
  A satyr (Shoals:3)
  3 merfolk aquamancers
  12 death yaks
  3 orc high priests (Orc:2)
  12 deep elf knights
  Sonja (D:12)
  7 sea snakes
  A gelid demonspawn (Orc:2)
  An unseen horror (D:11)
  2 hill giants
  10 harpies
  A torturous demonspawn (Orc:2)
  An obsidian statue (Vaults:1)
  15 deep elf archers
  2 lindwurms
  Pikel (D:8)
  A putrid demonspawn (Orc:2)
  6 orc knights
  An ironbrand convoker (Vaults:1)
  51 deep elf magi
  16 orb spiders
  10 ugly things
  A hornet (Spider:4)
  A statue (Volcano)
  11 orc sorcerers
  10 griffons
  11 fauns
  19 wolf spiders
  7 manticores
  An oklob plant (Lair:2)
  Maurice (D:12)
  11 elephants
  A cyclops (Shoals:2)
  3 black mambas
  5 sirens
  An ice statue (IceCv)
  5 water nymphs
  A gargoyle (D:13)
  A rust devil (Orc:2)
  A smoke demon (Orc:2)
  10 spiny frogs
  Psyche (D:12)
  A torpor snail (Lair:4)
  6 yaktaurs (Vaults:1)
  2 rime drakes
  5 demonic crawlers
  A freezing wraith (Vaults:1)
  7 komodo dragons
  A komodo dragon (shapeshifter) (Vaults:1)
  An ice devil (Orc:2)
  A queen bee (D:13)
  15 merfolk
  A hellwing (Orc:2)
  A wind drake (Shoals:1)
  24 jumping spiders
  15 polar bears
  5 trolls
  10 two-headed ogres
  27 blink frogs
  4 slime creatures (Vaults:1)
  6 boulder beetles
  15 snapping turtles
  2 air elementals (Elf:2)
  56 redbacks
  13 water elementals
  18 tarantellas
  A wyvern (Lair:5)
  3 fire bats (Volcano)
  2 vampires (D:12)
  5 wraiths (Orc:1)
  66 yaks
  A spriggan (shapeshifter) (Elf:2)
  A ynoxinul (Orc:2)
  4 hogs (Lair:6)
  6 fire elementals
  2 basilisks
  8 hungry ghosts (Lab)
  8 vampire mosquitoes
  14 hippogriffs
  5 soldier ants
  2 hell hounds (Spider:1)
  Duvessa (D:5)
  19 water moccasins
  12 porcupines
  A swamp drake (D:9)
  2 ice beasts
  40 orc warriors
  4 sky beasts
  A slave (D:8)
  3 black bears
  5 wasps
  A necrophage (D:8)
  27 wolves
  16 ogres
  21 centaurs
  12 crocodiles
  2 big kobolds
  15 giant frogs
  A gnoll sergeant (Orc:2)
  An earth elemental (Elf:2)
  Dowan (D:5)
  A water moccasin skeleton (D:7)
  2 wyvern skeletons
  4 scorpions
  28 killer bees
  5 howler monkeys
  2 electric eels
  9 crimson imps
  A giant frog zombie (D:7)
  4 centaur zombies
  6 hounds
  21 orc wizards
  31 orc priests
  3 giant frog skeletons
  5 jellies
  2 centaur skeletons
  8 iguanas
  An iron imp (D:9)
  Natasha (thrice) (D:2)
  Terence (D:3)
  33 worker ants
  17 sheep
  2 hound skeletons
  2 worker ant zombies
  Robin (D:4)
  13 gnolls
  19 adders
  61 river rats
  4 shadow imps
  A white imp (D:9)
  An ooze (D:2)
  An adder zombie (D:11)
  2 adder skeletons (D:4)
  5 worms
  4 dart slugs
  4 giant geckos
  124 orcs
  10 giant cockroaches
  13 hobgoblins
  18 jackals
  3 quokkas
  2 ball pythons
  3 bats
  A giant cockroach zombie (D:5)
  A giant gecko skeleton (D:4)
  A giant gecko zombie (D:6)
  6 giant newts
  19 goblins
  20 kobolds
  A quokka skeleton (D:5)
  12 rats
  3 fungi (Lair:8)
  3 plants (Shoals:2)
  2 tentacles (Shoals:3)
1457 creatures vanquished.

Vanquished Creatures (collateral kills)
  A death yak (Lair:6)
  A wolf spider (Spider:4)
  A hornet (Spider:4)
  2 polar bears (IceCv)
  A jumping spider (Spider:2)
  A tarantella (Spider:1)
  A redback (Spider:2)
  A soldier ant (Lair:5)
  A wasp (Spider:4)
  A killer bee (D:13)
  A worker ant (Lair:5)
12 creatures vanquished.

Vanquished Creatures (others)
  A deep elf mage (Elf:1)
  2 hornets (Spider:4)
  A polar bear (IceCv)
  2 jumping spiders
  A redback (Spider:4)
  2 humans (Lair:6)
  A soldier ant (Lair:5)
  An ogre (D:8)
  A wolf (IceCv)
  A crocodile (Lair:5)
  A worker ant (D:8)
  2 river rats (Lair:5)
  An orc (D:9)
  11 fungi
  20 plants
  3 tentacles (Shoals:3)
  217 tentacle segments (Shoals:3)
268 creatures vanquished.

Grand Total: 1737 creatures vanquished

Notes
Turn   | Place    | Note
--------------------------------------------------------------
     0 | D:1      | nubinia the Deep Elf Earth Elementalist began the quest for the Orb.
     0 | D:1      | Reached XP level 1. HP: 10/10 MP: 6/6
   186 | D:1      | Reached XP level 2. HP: 15/15 MP: 5/8
   214 | D:1      | Learned a level 2 spell: Passwall
   738 | D:1      | Reached XP level 3. HP: 19/19 MP: 6/10
   743 | D:1      | Learned a level 3 spell: Stone Arrow
   915 | D:1      | Reached skill level 4 in Spellcasting
  1366 | D:2      | Found a basalt altar of Yredelemnul.
  1584 | D:1      | Reached XP level 4. HP: 9/24 MP: 4/12
  1929 | D:2      | Found a sparkling altar of Nemelex Xobeh.
  1971 | D:2      | Reached skill level 5 in Spellcasting
  2104 | D:2      | Found a shattered altar of Ashenzari.
  2206 | D:2      | Noticed Natasha
  2214 | D:2      | Killed Natasha
  2214 | D:2      | Reached XP level 5. HP: 28/28 MP: 10/14
  2256 | D:2      | Noticed Natasha
  2257 | D:2      | Found a snail-covered altar of Cheibriados.
  2267 | D:2      | Killed Natasha
  2486 | D:2      | Noticed Natasha
  2488 | D:2      | Killed Natasha
  2488 | D:2      | Reached skill level 5 in Earth Magic
  2938 | D:2      | Reached XP level 6. HP: 32/32 MP: 10/16
  3039 | D:3      | Reached skill level 6 in Spellcasting
  3966 | D:3      | Noticed Terence
  4077 | D:3      | Killed Terence
  4121 | D:3      | Found a glowing silver altar of Zin.
  4278 | D:3      | Reached XP level 7. HP: 19/36 MP: 12/19
  4383 | D:3      | Learned a level 4 spell: Petrify
  4389 | D:3      | Learned a level 5 spell: Lee's Rapid Deconstruction
  4640 | D:3      | Reached skill level 7 in Spellcasting
  4685 | D:4      | Found a shimmering altar of Xom.
  5597 | D:4      | Reached skill level 8 in Spellcasting
  5706 | D:4      | Found a deep blue altar of Sif Muna.
  5713 | D:4      | Became a worshipper of Sif Muna the Loreminder
  6261 | D:4      | Noticed Robin
  6266 | D:4      | Killed Robin
  6488 | D:5      | Entered Level 5 of the Dungeon
  6607 | D:5      | Reached skill level 1 in Conjurations
  6695 | D:5      | Found a blossoming altar of Fedhas.
  6715 | D:5      | Got a wavering glass ring
  6716 | D:5      | Identified the ring "Geajeh" {+Fly Int+6 SInv} (You found it on level 5 of the Dungeon)
  6756 | D:5      | Noticed Dowan
  6865 | D:5      | Reached * piety under Sif Muna
  6865 | D:5      | Reached ** piety under Sif Muna
  6865 | D:5      | Reached *** piety under Sif Muna
  6865 | D:5      | Reached skill level 10 in Spellcasting
  6865 | D:5      | Reached skill level 5 in Conjurations
  6865 | D:5      | Reached XP level 8. HP: 45/45 MP: 20/24
  7095 | D:5      | Found a staircase to the Ecumenical Temple.
  7216 | D:5      | Noticed Duvessa
  7234 | D:5      | Killed Duvessa
  7234 | D:5      | Reached XP level 9. HP: 49/49 MP: 11/25
  7240 | D:5      | Killed Dowan
  7494 | D:5      | Reached skill level 11 in Spellcasting
  7711 | D:6      | Found an opulent altar of Gozag.
  8017 | D:6      | Reached **** piety under Sif Muna
  8017 | D:6      | Reached ***** piety under Sif Muna
  8017 | D:6      | Reached skill level 5 in Stealth
  8017 | D:6      | Reached skill level 12 in Spellcasting
  8017 | D:6      | Reached skill level 5 in Transmutations
  8017 | D:6      | Reached skill level 10 in Earth Magic
  8017 | D:6      | Reached XP level 10. HP: 56/56 MP: 26/28
  8254 | D:6      | Gained mutation: You are agile. (Dex +2) [potion of beneficial mutation]
  9911 | D:8      | Noticed Pikel
 10015 | D:8      | Noticed kae's ghost (novice MiFi)
 10534 | D:8      | Killed Pikel
 10534 | D:8      | Reached skill level 1 in Invocations
 10665 | D:9      | Found a staircase to the Orcish Mines.
 10756 | D:9      | Noticed a purple ugly thing
 11115 | D:9      | Killed a purple ugly thing
 11115 | D:9      | Reached skill level 5 in Dodging
 11115 | D:9      | Reached XP level 11. HP: 44/60 MP: 13/29
 11132 | D:9      | Found a roughly hewn altar of Beogh.
 11151 | D:9      | Gained mutation: You are robust (+10% HP). [mutagenic meat]
 11153 | D:9      | Gained mutation: Scrolls take you a little longer to read. [mutagenic meat]
 11194 | D:9      | Noticed a seven-headed hydra
 11200 | D:9      | Killed a seven-headed hydra
 11200 | D:9      | Reached ****** piety under Sif Muna
 11343 | D:9      | Received a gift from Sif Muna
 11349 | D:9      | Learned a level 3 spell: Mephitic Cloud
 11352 | D:9      | Learned a level 2 spell: Repel Missiles
 11395 | D:9      | Noticed a deep elf mage
 11402 | D:9      | Noticed a deep elf mage
 11405 | D:9      | Reached skill level 13 in Spellcasting
 11409 | D:9      | Killed a deep elf mage
 11420 | D:9      | Killed a deep elf mage
 11935 | D:9      | Learned a level 1 spell: Magic Dart
 12252 | D:9      | Upgraded the game from 0.19-a0-45-g2c295ea to 0.19-a0-49-gb8736b8
 12257 | D:10     | Entered Level 10 of the Dungeon
 13371 | D:8      | Killed kae's ghost
 13513 | D:8      | Found an iron altar of Okawaru.
 13662 | D:11     | Noticed Fannar
 13808 | D:11     | Found a staircase to the Lair.
 13888 | D:11     | Found Syraug's Weapon Boutique.
 13960 | D:11     | Noticed a hill giant
 13968 | D:11     | Killed a hill giant
 14028 | D:11     | Noticed a green ugly thing
 14044 | D:11     | Killed a green ugly thing
 14540 | D:11     | Noticed an unseen horror
 14568 | D:11     | Got a twisted leather armour
 14587 | D:10     | Noticed a salamander stormcaller
 14597 | D:9      | Identified the +2 leather armour of the Clam {+Blink rPois Dex-4} (You found it on level 11 of the Dungeon)
 14655 | D:11     | Killed an unseen horror
 14655 | D:11     | Reached skill level 14 in Spellcasting
 14824 | Lair:1   | Entered Level 1 of the Lair of Beasts
 14824 | Lair:1   | Noticed a five-headed hydra
 14830 | Lair:1   | Killed a five-headed hydra
 14921 | Lair:1   | Gained mutation: You are partially covered in molten scales (AC +1). [potion of mutation]
 14921 | Lair:1   | Gained mutation: Your muscles are strong. (Str +2) [potion of mutation]
 14952 | Lair:1   | Learned a level 3 spell: Conjure Flame
 14957 | Lair:1   | Learned a level 4 spell: Force Lance
 15017 | Lair:1   | Reached skill level 1 in Translocations
 15123 | Lair:1   | Reached XP level 12. HP: 70/70 MP: 32/32
 15210 | Lair:1   | Reached skill level 1 in Charms
 15279 | Lair:1   | Reached skill level 1 in Poison Magic
 16108 | Lair:1   | Learned a level 2 spell: Blink
 16113 | Lair:1   | Learned a level 4 spell: Leda's Liquefaction
 16228 | Lair:2   | Noticed a five-headed hydra
 16254 | Lair:2   | Killed a five-headed hydra
 16254 | Lair:2   | Received a gift from Sif Muna
 16255 | Lair:2   | Identified Vuqokoq's Collected Works on Mutagenic Conjuration (Sif Muna gifted it to you on level 2 of the Lair of Beasts)
 16397 | Lair:2   | Found a dark tunnel.
 16489 | Volcano  | Entered a volcano
 16568 | Volcano  | Noticed a centaur warrior
 16569 | Volcano  | Found a burning altar of Makhleb.
 16582 | Volcano  | Killed a centaur warrior
 16647 | Volcano  | Reached skill level 1 in Air Magic
 17157 | Lair:2   | Reached skill level 15 in Spellcasting
 17897 | Lair:3   | Reached skill level 1 in Armour
 18427 | Lair:4   | Found a frozen archway.
 18484 | Lair:4   | Reached XP level 13. HP: 71/74 MP: 18/34
 18506 | IceCv    | Entered an ice cave
 18830 | IceCv    | Received a gift from Sif Muna
 18831 | IceCv    | Identified Sif Muna's Compendium of the Destructive Traveller (Sif Muna gifted it to you in an ice cave)
 18942 | IceCv    | Reached skill level 5 in Translocations
 19012 | IceCv    | Noticed a frost giant
 19168 | IceCv    | Killed a frost giant
 19177 | IceCv    | Got a brightly glowing iron ring
 19184 | IceCv    | Identified the ring "Zurirymorr" {Ice Str+6 Dex-5} (You took it off a frost giant in an ice cave)
 19598 | Lair:4   | Found a staircase to the Shoals.
 19680 | Lair:4   | Learned a level 2 spell: Throw Flame
 19685 | Lair:4   | Learned a level 4 spell: Sticky Flame
 20271 | Lair:5   | Reached skill level 1 in Hexes
 20425 | Lair:5   | Reached skill level 5 in Invocations
 20558 | Lair:5   | Found a labyrinth entrance.
 20612 | Lab      | Entered a labyrinth
 20787 | Lab      | Got an ancient morningstar
 20788 | Lab      | Identified the +9 morningstar of Gaosih {holy, +Inv rF+ Int+4} (You found it in a labyrinth)
 20877 | Lab      | Noticed a minotaur
 20881 | Lab      | Killed a minotaur
 20906 | Lab      | Got a translucent steel amulet
 20908 | Lab      | Got an encrusted double sword
 20923 | Lab      | Identified the +1 double sword of Noon {elec, rF+ rC+ Str-3} (You found it in a labyrinth)
 20940 | Lab      | Identified the amulet "Yrouc" {Faith *Drain +Blink rF+} (You found it in a labyrinth)
 20981 | Lab      | Reached skill level 10 in Conjurations
 21657 | Lair:5   | Reached skill level 16 in Spellcasting
 22211 | Lair:6   | Noticed Kirke
 22306 | Lair:6   | Killed Kirke
 22306 | Lair:6   | Received a gift from Sif Muna
 22306 | Lair:6   | Reached XP level 14. HP: 81/81 MP: 29/36
 22307 | Lair:6   | Identified Sif Muna's Grimoire of Battle Magic (Sif Muna gifted it to you on level 6 of the Lair of Beasts)
 22678 | Lair:6   | Learned a level 5 spell: Bolt of Draining
 22806 | Lair:6   | Reached skill level 1 in Necromancy
 23036 | Lair:6   | Found a hole to the Spider Nest.
 23612 | Lair:7   | Found a viscous altar of Jiyva.
 23614 | Lair:7   | Found a staircase to the Slime Pits.
 23936 | Lair:7   | You fall through a shaft!
 23936 | Lair:8   | Entered Level 8 of the Lair of Beasts
 24460 | Lair:8   | Reached skill level 1 in Fire Magic
 24461 | Lair:8   | Received a gift from Sif Muna
 24462 | Lair:8   | Identified Sif Muna's Tome of the Sea (Sif Muna gifted it to you on level 8 of the Lair of Beasts)
 25091 | Lair:8   | Noticed Maud
 25100 | Lair:8   | Killed Maud
 25220 | Lair:8   | Reached skill level 17 in Spellcasting
 26077 | D:11     | Killed Fannar
 26152 | Orc:1    | Entered Level 1 of the Orcish Mines
 26176 | Orc:1    | Found Poguse's Book Boutique.
 26198 | Orc:1    | Reached XP level 15. HP: 85/85 MP: 29/38
 26349 | Orc:1    | Reached skill level 5 in Necromancy
 26395 | Orc:1    | Noticed Josephine
 26407 | Orc:1    | Killed Josephine
 26546 | Orc:1    | Found a roughly hewn altar of Beogh.
 26668 | Orc:2    | Entered Level 2 of the Orcish Mines
 26668 | Orc:2    | Found a staircase to the Elven Halls.
 27249 | Orc:2    | Found Tiak's Distillery.
 27256 | Orc:2    | Found Tasi's General Store.
 27388 | Orc:2    | Received a gift from Sif Muna
 27389 | Orc:2    | Identified Sif Muna's Papyrus of Necromancy and Combat Magic (Sif Muna gifted it to you on level 2 of the Orcish Mines)
 27400 | Orc:2    | Learned a level 3 spell: Dazzling Spray
 27440 | Orc:2    | Bought 2 potions of beneficial mutation for 1050 gold pieces
 27440 | Orc:2    | Gained mutation: Your system is resistant to poisons. [potion of beneficial mutation]
 27441 | Orc:2    | Gained mutation: You have a pair of small horns on your head. [potion of beneficial mutation]
 27581 | Orc:2    | Bought a scroll of identify for 26 gold pieces
 28444 | Orc:2    | Reached skill level 5 in Short Blades
 28514 | Orc:2    | Paralysed by an orc sorcerer for 5 turns
 28627 | Orc:2    | Reached skill level 18 in Spellcasting
 28674 | Orc:2    | Found Gahec's Book Boutique.
 28674 | Orc:2    | Found Xuqon Lips's Antique Armour Shop.
 28674 | Orc:2    | Found a one-way gate leading to the halls of Pandemonium.
 29596 | Orc:2    | Bought a scorched steam dragon armour for 1260 gold pieces
 29606 | Orc:2    | Identified the cursed +1 steam dragon armour of Love and Death {Dex+4 Slay+2 Stlth+} (You bought it in a shop on level 2 of the Orcish Mines)
 29893 | Shoals:1 | Entered Level 1 of the Shoals
 30408 | Shoals:1 | Received a gift from Sif Muna
 30742 | Shoals:2 | Noticed Frances
 30748 | Shoals:2 | Killed Frances
 31118 | Shoals:2 | Found Sukischa's Magic Scroll Emporium.
 31497 | Shoals:3 | Reached XP level 16. HP: 92/92 MP: 40/40
 31914 | Shoals:3 | Noticed a kraken
 31930 | Shoals:3 | Killed a kraken
 31930 | Shoals:3 | Received a gift from Sif Muna
 31930 | Shoals:3 | Reached skill level 19 in Spellcasting
 31931 | Shoals:3 | Identified Said's Collected Works on Destructive Unholy Arts (Sif Muna gifted it to you on level 3 of the Shoals)
 31938 | Shoals:3 | Learned a level 5 spell: Fireball
 32639 | D:12     | Noticed Psyche
 32642 | D:12     | Reached skill level 1 in Throwing
 32647 | D:12     | Killed Psyche
 32703 | D:12     | Noticed Sonja
 32709 | D:12     | Killed Sonja
 32722 | D:12     | Noticed Maurice
 32734 | D:12     | Killed Maurice
 32833 | D:12     | Found a gateway to a bazaar.
 32995 | D:12     | Got a polished shortbow
 33001 | D:12     | Identified the +8 shortbow "Kiddidill" {freeze, *Contam Dex+3} (You found it on level 12 of the Dungeon)
 33050 | D:12     | Gained mutation: You are occasionally teleported next to monsters. [mutagenic glow]
 33071 | D:12     | Identified a scroll of acquirement
 33490 | D:12     | Found a blossoming altar of Fedhas.
 33579 | D:13     | Found a gate to the Vaults.
 34790 | Spider:1 | Entered Level 1 of the Spider Nest
 34790 | Spider:1 | Noticed Louise
 34797 | Spider:1 | Killed Louise
 34821 | Spider:1 | Reached skill level 10 in Stealth
 34821 | Spider:1 | Reached skill level 5 in Shields
 34836 | Spider:1 | Noticed Aizul
 34838 | Spider:1 | Killed Aizul
 35247 | Spider:1 | Noticed Azrael
 35651 | Spider:1 | Killed Azrael
 36041 | Spider:1 | Upgraded the game from 0.19-a0-49-gb8736b8 to 0.19-a0-53-ge6e6435
 36125 | Spider:2 | Noticed Norris
 36583 | Spider:2 | Killed Norris
 36583 | Spider:2 | Received a gift from Sif Muna
 36584 | Spider:2 | Identified Sif Muna's Catalogue of Attacks and Evil Arts (Sif Muna gifted it to you on level 2 of the Spider Nest)
 36624 | Spider:2 | Noticed simok's ghost (adept SpEn)
 36709 | Spider:1 | Reached XP level 17. HP: 97/97 MP: 38/42
 37742 | Spider:3 | Noticed Mara
 37756 | Spider:3 | Noticed nubinia's illusion
 37774 | Spider:3 | Killed Mara
 37774 | Spider:3 | Reached skill level 20 in Spellcasting
 38372 | Spider:3 | Noticed Agnes
 38397 | Spider:3 | Killed Agnes
 38780 | Spider:4 | Entered Level 4 of the Spider Nest
 38921 | Spider:4 | Noticed Jorgrun
 38930 | Spider:4 | Killed Jorgrun
 39302 | Spider:4 | Received a gift from Sif Muna
 39343 | Spider:4 | Learned a level 3 spell: Regeneration
 40922 | Spider:4 | Got a gossamer rune of Zot
 41215 | Shoals:1 | Noticed Donald
 41235 | Shoals:1 | Killed Donald
 41235 | Shoals:1 | Reached skill level 5 in Fire Magic
 41243 | Shoals:1 | Learned a level 1 spell: Apportation
 41355 | Shoals:4 | Entered Level 4 of the Shoals
 41825 | Shoals:3 | Received a gift from Sif Muna
 41826 | Shoals:3 | Identified Sif Muna's Guide on Shape Shifting and the Traveller (Sif Muna gifted it to you on level 3 of the Shoals)
 41998 | Shoals:3 | Reached XP level 18. HP: 92/104 MP: 43/44
 42545 | Vaults:1 | Entered Level 1 of the Vaults
 42730 | Vaults:1 | Reached skill level 21 in Spellcasting
 42751 | Vaults:1 | Found a gateway to a bazaar.
 42897 | Bazaar   | Entered a bazaar
 42897 | Bazaar   | Found Ollellat's Food Emporium.
 42899 | Bazaar   | Found Serapp's Distillery.
 42910 | Bazaar   | Found Qiurooniq's Weapon Boutique.
 42954 | Bazaar   | Found Ojeupn's Distillery.
 42980 | Bazaar   | Bought 2 potions of beneficial mutation for 630 gold pieces
 42980 | Bazaar   | Gained mutation: You are very agile. (Dex +4) [potion of beneficial mutation]
 42981 | Bazaar   | Gained mutation: You have a pair of horns on your head. [potion of beneficial mutation]
 43734 | Vaults:1 | Received a gift from Sif Muna
 43745 | Vaults:1 | Identified Utsidot's Papyrus of Ashen Combat Magic (Sif Muna gifted it to you on level 1 of the Vaults)
 43765 | Vaults:1 | Learned a level 6 spell: Statue Form
 44037 | Elf:1    | Entered Level 1 of the Elven Halls
 44132 | Elf:1    | Gained mutation: Your mind is acute. (Int +2) [potion of beneficial mutation]
 44324 | Elf:1    | Identified the Catalogue of the Entourage
 45515 | Elf:2    | Found a runed gate.
 45518 | Elf:2    | Found a runed gate.
 45519 | Elf:2    | Found a runed gate.
 45542 | Elf:2    | Reached skill level 15 in Conjurations
 45576 | Elf:2    | Noticed Cofein's ghost (adept MfGl)
 45616 | Elf:2    | Killed Cofein's ghost
 45616 | Elf:2    | Received a gift from Sif Muna
 45616 | Elf:2    | Reached skill level 22 in Spellcasting
 46151 | Elf:2    | Reached XP level 19. HP: 110/110 MP: 47/47
 46268 | Elf:2    | Reached skill level 10 in Dodging
 46756 | Elf:3    | Entered Level 3 of the Elven Halls
 46774 | Elf:2    | Received a gift from Sif Muna
 46778 | Elf:2    | Learned a level 1 spell: Animate Skeleton
 46822 | Elf:3    | Noticed Sl000nik's ghost (adept DDFi)
 46849 | Elf:3    | Killed Sl000nik's ghost
 47030 | Elf:3    | Found a portal to a secret trove of treasure.
 47052 | Trove    | Entered a treasure trove
 47092 | Trove    | Got a slimy tin amulet
 47112 | Trove    | Gained mutation: You possess an exceptional clarity of mind. [potion of beneficial mutation]
 47113 | Trove    | Reached XP level 20. HP: 114/114 MP: 48/48
 47161 | Trove    | Identified the amulet "Tybitept" {RegenMP +Fly rPois MP-9 Str+6} (You found it in a treasure trove)
 47391 | Elf:3    | Splashed by a deep elf sorcerer's acid

Vault maps used:
D:1:      minmay_arrival_arboretum_small
D:2:      nicolae_overflow_crystal_walls, overflow_temple_1_default,
          evilmike_ruin_ashenzari, nemelex_dance_club_becter, uniq_natasha
D:3:      zin_academy, uniq_terence
D:4:      kennysheep_goblin_castle, lemuel_round_altar, xom_confusion_cloud,
          first_bread
D:5:      minmay_temple_entry_nine_rooms, grunt_decor_mini_mirrors,
          minmay_misc_feat_square, fedhas_altar_3, uniq_duvessa
D:6:      nicolae_gozag_seed_capital
D:8:      okawaru_ov_weapons_minmay, uniq_pikel
D:9:      minmay_orc_entry_temple_small, hangedman_minor_magic
D:11:     lair_0_dummy, serial_shops, kennysheep_mini_moat, uniq_fannar
D:12:     serial_glass, glass_columns_a, glass_columns_b, due_unseen_surprise,
          feat_on_display, serial_shops, bzr_entry_dummy, hangedman_tree_tricks,
          minmay_misc_feat_five, uniq_psyche, uniq_sonja, uniq_maurice
D:13:     erik_vaults_1, special_room
Lair:1:   minmay_holes, serial_bayou_shore_b, grunt_megastairs_1
Lair:2:   minmay_lair_oklob_tunnel, nicolae_volcano_entry_vermiform,
          minmay_lair_oklob_bushes, grunt_megastairs_2
Lair:3:   grunt_megastairs_3
Lair:4:   minmay_shoals_entry_centaurs, portal_ice_cave_entry_pillars_02,
          infiniplex_staircase_pool
Lair:5:   lab_entry_generic, minmay_another_anthill
Lair:6:   nicolae_spider_entry_orb_guardian, st_stairs_12, grunt_megastairs_4,
          infiniplex_staircase_pool_2, serial_bayou_shore_a,
          serial_bayou_shore_b, uniq_kirke
Lair:7:   slime_altar_1
Lair:8:   grunt_lair_end_beastmaster, uniq_maud
Shoals:1: uniq_donald
Shoals:2: serial_shops, shop, uniq_frances
Shoals:4: shoals_end_grunt_ice, shoal_ilsuiw
Spider:1: hangedman_spider_tarantella_strand, uniq_aizul, uniq_louise,
          uniq_azrael
Spider:2: uniq_norris
Spider:3: uniq_mara, uniq_agnes
Spider:4: spider_rune_water, hangedman_stitches_earthworm, uniq_jorgrun
Orc:1:    serial_shops, nicolae_shop_trees, mines1_david, uniq_josephine
Orc:2:    pf_orc_diabolical
Elf:1:    eino_elf_arrival_sip, minmay_elf_demonology
Elf:3:    grunt_elf_hall_branching, nicolae_trove_entry_free_sample,
          minivault_14, david_defended_altar_elf
Vaults:1: vaults_room_corners, hangedman_vaults_stretched_pinwheel,
          vaults_room_pool, v_misc_23, nicolae_vaults_big_angled_halls,
          v_alt_pattern_5, ontoclasm_vaults_fault, vaults_room_pools, v_misc_12,
          serial_shops, statue_bzr
Lab:      labyrinth_hidden_loot, nicolae_lab_starburst, lab_statue, lab_block,
          nicolae_lab_dead_end, nicolae_lab_lava, nicolae_lab_flowing_pool
Bazaar:   bazaar_kb_twisted_cavern
Trove:    trove_garden
IceCv:    ice_cave_caverns_02
Volcano:  volcano_grotto

Skill      XL: |  1  2  3  4  5  6  7  8  9 10 11 12 13 14 15 16 17 18 19 |
---------------+----------------------------------------------------------+-----
Spellcasting   | 4 5 6 10 12 14 15 16 17 18 19 20 22 | 22.5
Earth Magic    | 4 5 6 9 10 11 12 13 14 | 14.5
Stealth        | 3 5 6 7 8 10 11 12 | 12.2
Dodging        | 3 4 5 6 7 8 9 10 | 10.0
Conjurations   | 5 7 8 9 10 11 12 14 15 | 15.7
Fighting       | 2 3 4 |  4.9
Short Blades   | 3 4 5 6 |  6.5
Shields        | 2 3 4 5 6 |  6.0
Transmutations | 4 5 6 |  6.8
Evocations     | 2 3 4 |  4.5
Invocations    | 2 3 4 5 7 |  7.0
Translocations | 1 4 5 6 7 8 |  8.5
Charms         | 1 2 3 |  3.6
Poison Magic   | 1 2 |  2.0
Air Magic      | 1 2 3 4 |  4.9
Armour         | 1 2 |  2.3
Hexes          | 3 4 |  4.8
Necromancy     | 4 6 7 8 9 |  9.5
Fire Magic     | 1 3 4 5 6 |  6.7
Throwing       | 1 |  1.0

Action                   |  1- 3 |  4- 6 |  7- 9 | 10-12 | 13-15 | 16-18 | 19-21 || total
-------------------------+-------+-------+-------+-------+-------+-------+-------++-------
Melee: Dagger            |    28 |    36 |    41 |   200 |       |       |       ||   305
       Short sword       |       |       |    29 |     7 |       |       |     6 ||    42
       Rapier            |       |       |       |   155 |   621 |   449 |       ||  1225
       Headbutt          |       |       |       |       |    20 |   117 |     3 ||   140
 Fire: Blowgun           |       |       |       |       |    25 |     3 |       ||    28
Throw: Stone             |       |       |     1 |     1 |     6 |       |       ||     8
 Cast: Sandblast         |    51 |    97 |   126 |    71 |    31 |       |       ||   376
       Stone Arrow       |     4 |     6 |    34 |   261 |   101 |    18 |       ||   424
       Passwall          |       |       |     3 |       |     1 |     4 |       ||     8
       Lee's Rapid Decon |       |       |     3 |    20 |    68 |    30 |       ||   121
       Petrify           |       |       |       |     4 |     1 |       |       ||     5
       Magic Dart        |       |       |       |    83 |   107 |     2 |       ||   192
       Mephitic Cloud    |       |       |       |    55 |   233 |   106 |     2 ||   396
       Repel Missiles    |       |       |       |     3 |     3 |     3 |       ||     9
       Force Lance       |       |       |       |    22 |   100 |   178 |    60 ||   360
       Blink             |       |       |       |     1 |     2 |     2 |       ||     5
       Conjure Flame     |       |       |       |     1 |     4 |       |       ||     5
       Sticky Flame      |       |       |       |       |    42 |    54 |       ||    96
       Bolt of Draining  |       |       |       |       |   176 |   200 |    30 ||   406
       Throw Flame       |       |       |       |       |    90 |   235 |    25 ||   350
       Fireball          |       |       |       |       |       |    67 |     3 ||    70
       Dazzling Spray    |       |       |       |       |       |    25 |       ||    25
       Regeneration      |       |       |       |       |       |    15 |     2 ||    17
       Statue Form       |       |       |       |       |       |     2 |       ||     2
       Animate Skeleton  |       |       |       |       |       |       |     2 ||     2
Invok: Channel Energy    |       |       |       |   141 |   679 |   555 |    90 ||  1465
 Abil: Evoke Flight      |       |       |       |       |    19 |    13 |       ||    32
       Evoke Blink       |       |       |       |       |     1 |       |       ||     1
Evoke: Lamp of fire      |       |       |       |       |     2 |     1 |       ||     3
       Wand              |       |       |       |       |     1 |    18 |       ||    19
  Use: Scroll            |     1 |     4 |     4 |    16 |    16 |    20 |     3 ||    64
       Potion            |       |     1 |     2 |     9 |     2 |     4 |     2 ||    20
 Stab: Sleeping          |     3 |     5 |     7 |    22 |    15 |    65 |     1 ||   118
       Distracted        |       |       |       |     3 |       |     3 |       ||     6
       Confused          |       |       |       |    26 |    79 |    63 |       ||   168
       Petrified         |       |       |       |     2 |       |       |       ||     2
       Invisible         |       |       |       |       |       |     2 |       ||     2
  Eat: Chunk             |     2 |     9 |    10 |    52 |   138 |   116 |    17 ||   344
       Beef jerky        |       |       |     1 |       |       |       |       ||     1
       Bread ration      |       |       |       |     1 |     1 |     2 |       ||     4
       Meat ration       |       |       |       |       |     1 |     1 |       ||     2
       Pizza             |       |       |       |       |       |     1 |       ||     1
Armor: Robe              |     9 |     8 |    14 |    33 |     1 |     5 |       ||    70
       Leather armour    |       |       |       |    41 |    99 |       |       ||   140
       Steam dragon armo |       |       |       |       |    12 |   109 |     2 ||   123
Dodge: Dodged            |    28 |    41 |    72 |   208 |   308 |   380 |    20 ||  1057
       Deflected         |       |       |       |     2 |     7 |    28 |     5 ||    42
Block: Buckler           |       |     3 |    28 |   119 |   147 |   222 |    13 ||   532
